 Dungeon Crawl Stone Soup version 0.26.1-11-gd32895ea62 (webtiles) character file.

Game seed: 5960416203575300843

7942 raph the Reanimator (level 11, 0/96 HPs)
             Began as a Deep Dwarf Necromancer on June 16, 2021.
             Was a Follower of Makhleb.
             Slain by a molten gargoyle
             ... wielding a +0 flail
              (18 damage)
             ... in a volcano.
             The game lasted 00:32:19 (13784 turns).

raph the Reanimator (Deep Dwarf Necromancer)       Turns: 13784, Time: 00:32:20

Health: 0/96       AC:  8    Str: 19    XL:     11   Next: 3%
Magic:  18/19      EV: 16    Int: 18    God:    Makhleb [*.....]
Gold:   547        SH:  0    Dex: 17    Spells: 8/20 levels left

rFire    + . .     SeeInvis +   a - +9 flail of Quick Death {drain, Will+ Dex+4}
rCold    . . .     Faith    .   (no shield)
rNeg     . . .     Spirit   .   A - +1 robe {rF+}
rPois    .         Reflect  .   K - +0 helmet
rElec    .         Harm     .   J - +1 cloak
rCorr    .         Rampage  .   (no gloves)
Will     ++...                  c - +1 pair of boots
Stlth    +++.......             p - amulet of the acrobat
HPRegen  0.00/turn              I - +6 ring of strength
MPRegen  0.16/turn              O - ring of see invisible

@: non-regenerating
A: damage resistance, heal wounds, sense surroundings 2, no regeneration
a: Heal Wounds, Renounce Religion


You were in a volcano.
You worshipped Makhleb.
Makhleb was aware of your devotion.
You visited 3 branches of the dungeon, and saw 12 of its levels.
You also visited: Volcano.

You collected 547 gold pieces.

Inventory:

Hand Weapons
 a - the +9 flail of Quick Death (weapon) {drain, Will+ Dex+4}
   (You found it on level 6 of the Dungeon)

   A truly terrible weapon, it drains the life of those it strikes.
   It affects your dexterity (+4).
   It affects your willpower, your defense against some magical effects.
 b - a +2 whip of pain
 k - a +0 great sword
 y - a +2 scimitar of draining
 B - a +0 morningstar
Missiles
 f - 48 poisoned darts
 L - 2 boomerangs of dispersal
Armour
 c - a +1 pair of boots (worn)
 A - a +1 robe of fire resistance (worn)
 G - +0 steam dragon scales
 J - a +1 cloak (worn)
 K - a +0 helmet (worn)
Magical Staves
 w - an uncursed staff of death
Jewellery
 i - an uncursed ring of poison resistance
 j - an uncursed ring of resist corrosion
 p - an amulet of the acrobat (around neck)
 I - a +6 ring of strength (left hand)
 O - a ring of see invisible (right hand)
Wands
 t - a wand of paralysis (9)
 u - a wand of enslavement (3)
 x - a wand of polymorph (19)
 H - a wand of random effects (16)
Scrolls
 d - 3 scrolls of teleportation
 m - 2 scrolls of magic mapping
 s - 5 scrolls of remove curse
 N - a scroll of blinking
Potions
 g - 2 potions of brilliance
 h - 3 potions of curing
 n - a potion of invisibility
 o - a potion of resistance
 r - a potion of mutation
 v - 4 potions of might
 C - a potion of flight
 D - a potion of attraction
 E - a potion of cancellation
 F - 2 potions of berserk rage
 M - a potion of lignification {unknown}


   Skills:
 + Level 5.2 Fighting
 - Level 2.3 Long Blades
 * Level 7.1 Maces & Flails
 - Level 6.2 Dodging
 + Level 3.9 Stealth
 + Level 5.3 Spellcasting
 + Level 3.7 Conjurations
 * Level 11.4 Necromancy
 * Level 4.2 Invocations


You had 8 spell levels left.
You knew the following spells:

 Your Spells              Type           Power        Failure   Level
a - Pain                  Necr           100%         1%          1
b - Animate Skeleton      Necr           90%          1%          1
c - Vampiric Draining     Necr           22%          1%          3
d - Animate Dead          Necr           22%          1%          4
e - Magic Dart            Conj           72%          2%          1
f - Searing Ray           Conj           36%          4%          2

Your spell library contained the following spells:

 Spells                   Type           Power        Failure   Level
 Agony                    Necr           45%          3%          5
 Apportation              Tloc           8%           13%         1
 Corona                   Hex            4%           13%         1
 Summon Small Mammal      Summ           16%          13%         1
 Dazzling Flash           Conj/Hex       22%          19%         3
 Fulminant Prism          Conj/Hex       5%           52%         4
 Iskenderun's Mystic Bla  Conj/Tloc      11%          52%         4


Dungeon Overview and Level Annotations

Branches:
Dungeon (9/15)             Temple (1/1) D:6            Lair (2/6) D:9
 Spider (0/4) Lair:2          Orc (0/2) D:9         Volcano (1/1)
  Swamp: Lair:2-4    Shoals: Lair:2-4

Altars:
Ashenzari
Cheibriados
Dithmenos
Elyvilon
Fedhas
Gozag
Hepliaklqana
Kikubaaqudgha
Makhleb
Nemelex Xobeh
Okawaru
Qazlal
Ru
Sif Muna
Trog
Uskayaw
Vehumet
Wu Jian
Xom
Yredelemnul
Zin
The Shining One

Shops:
D:7 (

Portals:
Abyss: D:6

Annotations:
D:6 1 transporter, T2blue's ghost, novice NaWn


Innate Abilities, Weirdness & Mutations

You are resistant to damage.
You can heal yourself by infusing magical energy.
You passively map the area around you.
You do not regenerate.


Message History

Press: ? - help, Shift-Dir - straight line, f/p - molten gargoyle
Aim: a molten gargoyle, wielding a +0 flail You can't drain life from that!
The molten gargoyle blasts magma at you!
The bolt of magma hits you!! You partially resist.
* * * LOW HITPOINT WARNING * * *
Okay, then.
You feel much better.
Your hell knight zombie hits the molten gargoyle but does no damage.
You hit the molten gargoyle.
The molten gargoyle is lightly damaged.
The molten gargoyle hits you with a +0 flail.
* * * LOW HITPOINT WARNING * * *
You are engulfed in flames.
You resist.
* * * LOW HITPOINT WARNING * * *
Your hell knight zombie barely misses the molten gargoyle.
You sock the molten gargoyle!
The molten gargoyle is heavily damaged.
The molten gargoyle hits you with a +0 flail!!
You die...

≈≈≈≈°≈≈≈≈≈≈≈§§§§§≈§§≈≈≈≈≈ ≈
≈≈☼○§°≈≈≈≈§§§≈≈≈§≈§≈≈≈ ≈ ≈
≈§○○≈≈≈§≈≈§≈§≈§≈§≈≈≈≈≈ ≈ ≈ ≈
≈≈☼°§≈≈§≈≈≈§§≈≈≈§§≈.≈≈ ≈ ≈ ≈
§≈°○≈≈°............... ≈≈
≈≈≈○≈.########'######## ≈
≈§○≈..#......#(#Z.....# ≈ ≈
≈§≈...#.9[/#.#.#9#)?..# ≈≈ ≈
≈..≈§.#.$(!#.#.#@#$!$.# ≈
§§≈≈≈.#.$)$#.#.#.#$[$.# ≈≈ ≈
§§§§≈§######.#.#.######§§≈≈
≈ ≈≈≈
≈≈≈§§§#......#(#......#§§§≈≈
≈≈≈≈§§###''###)###''###.§≈≈
≈ ≈≈§§≈§#....#.))).#....#,
≈≈ ≈≈
≈§§≈≈.#.∩).#.8_8.#..∩.# ≈ ≈
§≈§ §≈≈≈≈.#....+.....'....#
≈≈ §§§○
≈≈≈§§§################# ≈
§§°≈○


You could see a molten gargoyle and a friendly hell knight zombie.

Vanquished Creatures
  A centaur warrior (Volcano)
  A two-headed ogre (D:8)
  A hell knight (Volcano)
  A cane toad (Lair:1)
  Maggie (D:7)
  A troll (D:9)
  3 yaks
  A fire bat (Volcano)
  A basilisk (Lair:1)
  A wyvern (D:9)
  Edmund (D:4)
  Duvessa (D:4)
  5 water moccasins
  3 ice beasts
  2 orc warriors
  A necrophage (D:9)
  2 sky beasts
  5 centaurs
  4 ogres
  A big kobold (D:6)
  Blork the orc (D:4)
  4 bullfrogs
  Dowan (D:4)
  A scorpion (D:5)
  11 wights
  2 howler monkeys
  4 lava snakes (Volcano)
  A bullfrog zombie (D:9)
  4 hounds
  A centaur skeleton (D:6)
  4 jellies
  2 orc priests (D:8)
  6 orc wizards
  Ijyb (D:5)
  3 iguanas
  3 worker ants
  A hound zombie (D:5)
  A hound skeleton (D:4)
  A worker ant zombie (D:6)
  15 adders
  2 shadow imps
  2 white imps
  2 oozes
  A worm (D:4)
  3 dart slugs
  A leopard gecko (D:7)
  29 orcs
  2 ball pythons
  2 giant cockroaches
  8 goblins
  9 hobgoblins
  8 jackals
  14 kobolds
  6 quokkas
  8 bats
  5 frilled lizards
  2 leopard gecko zombies
  A quokka skeleton (D:8)
  23 rats
232 creatures vanquished.

Vanquished Creatures (collateral kills)
  A centaur (Volcano)
  A bullfrog skeleton (D:3)
  A jackal (D:8)
  A kobold (D:3)
4 creatures vanquished.

Vanquished Creatures (others)
  6 plants (Lair:2)
6 creatures vanquished.

Grand Total: 242 creatures vanquished

Notes
Turn   | Place    | Note
-------+----------+-------------------------------------------
     0 | D:1      | raph the Deep Dwarf Necromancer began the quest for the
                  | Orb.
     0 | D:1      | Reached XP level 1. HP: 15/15 MP: 3/3
     2 | D:1      | Learned a level 1 spell: Animate Skeleton
   359 | D:1      | Reached XP level 2. HP: 22/22 MP: 2/4
   608 | D:1      | Reached skill level 5 in Necromancy
  1096 | D:1      | Reached XP level 3. HP: 25/28 MP: 1/5
  1100 | D:1      | Learned a level 3 spell: Vampiric Draining
  1673 | D:2      | Found a blossoming altar of Fedhas.
  1690 | D:2      | Found a hazy altar of Hepliaklqana.
  1690 | D:2      | Found a radiant altar of Vehumet.
  1691 | D:2      | Found a shimmering altar of Xom.
  1769 | D:2      | Reached skill level 6 in Necromancy
  2068 | D:2      | Reached XP level 4. HP: 36/36 MP: 2/6
  2253 | D:2      | Found a sacrificial altar of Ru.
  3247 | D:3      | Reached XP level 5. HP: 39/42 MP: 5/7
  3411 | D:3      | Reached skill level 7 in Necromancy
  4227 | D:3      | Reached skill level 1 in Fighting
  4574 | D:4      | Noticed Blork the orc
  4714 | D:4      | Reached XP level 6. HP: 45/51 MP: 1/9
  4789 | D:4      | Learned a level 4 spell: Animate Dead
  4824 | D:4      | Killed Blork the orc
  4913 | D:4      | Found a glowing golden altar of the Shining One.
  5084 | D:4      | Found a bloodstained altar of Trog.
  5260 | D:4      | Noticed Duvessa
  5282 | D:4      | Noticed Edmund
  5293 | D:4      | Killed Edmund
  5656 | D:5      | Entered Level 5 of the Dungeon
  5686 | D:5      | Noticed Ijyb
  5693 | D:5      | Killed Ijyb
  5694 | D:5      | Reached XP level 7. HP: 56/60 MP: 0/11
  5851 | D:5      | Reached skill level 8 in Necromancy
  6053 | D:5      | Reached skill level 1 in Long Blades
  6154 | D:5      | Learned a level 1 spell: Magic Dart
  6861 | D:6      | Got a polished flail
  6862 | D:6      | Identified the +9 flail of Quick Death {drain, Will+ Dex+4}
                  | (You found it on level 6 of the Dungeon)
  6901 | D:6      | Reached XP level 8. HP: 32/68 MP: 5/12
  7001 | D:6      | Noticed a +0 hand axe
  7002 | D:6      | Found a hide-covered altar of Uskayaw.
  7002 | D:6      | Noticed a +0 hand axe
  7018 | D:6      | Reached skill level 1 in Maces & Flails
  7172 | D:6      | Found a basalt altar of Yredelemnul.
  7215 | D:6      | Found a transporter.
  7351 | D:6      | Found a staircase to the Ecumenical Temple.
  7383 | Temple   | Entered the Ecumenical Temple
  7789 | D:6      | Reached skill level 9 in Necromancy
  8077 | D:6      | Found a basalt altar of Yredelemnul.
  8159 | D:6      | Noticed an ancient zyme
  8237 | D:6      | Found a one-way gate to the infinite horrors of the Abyss.
  8237 | D:6      | Noticed T2blue's ghost (novice NaWn)
  8454 | D:7      | Learned a level 2 spell: Searing Ray
  8527 | D:7      | Noticed Maggie
  8537 | D:7      | Killed Maggie
  8538 | D:7      | Reached skill level 5 in Dodging
  8777 | D:7      | Gained mutation: You passively map the area around you.
                  | [Deep Dwarf growth]
  8777 | D:7      | Reached XP level 9. HP: 69/76 MP: 4/15
  8880 | D:7      | Reached skill level 1 in Conjurations
  8993 | D:7      | Found Leasesu's Antique Weapon Shop.
  9546 | D:8      | Noticed a two-headed ogre
  9572 | D:8      | Killed a two-headed ogre
  9573 | D:8      | Reached skill level 5 in Maces & Flails
  9573 | D:8      | Reached skill level 10 in Necromancy
 10598 | D:9      | Reached XP level 10. HP: 87/87 MP: 7/17
 10834 | D:9      | Found a broken altar of Ashenzari.
 10890 | D:9      | Found a staircase to the Orcish Mines.
 10985 | D:9      | Found a staircase to the Lair.
 11099 | D:9      | Found a shimmering altar of Xom.
 11151 | D:9      | Found a burning altar of Makhleb.
 11157 | D:9      | Found a glowing silver altar of Zin.
 11157 | D:9      | Noticed a blizzard demon
 11157 | D:9      | Noticed an angel
 11160 | D:9      | Became a worshipper of Makhleb the Destroyer
 11436 | D:9      | Found an iron altar of Okawaru.
 11691 | D:4      | Noticed Dowan
 11708 | D:4      | Killed Duvessa
 11716 | D:4      | Killed Dowan
 11815 | D:6      | Noticed a brown ugly thing
 12095 | Lair:1   | Entered Level 1 of the Lair of Beasts
 12412 | Lair:1   | Reached skill level 5 in Spellcasting
 12412 | Lair:1   | Reached skill level 1 in Invocations
 12741 | Lair:2   | Noticed a cane toad
 12760 | Lair:1   | Killed a cane toad
 12761 | Lair:1   | Reached skill level 11 in Necromancy
 12959 | Lair:2   | Noticed a four-headed hydra
 13082 | Lair:2   | Found a dark tunnel.
 13086 | Volcano  | Entered a volcano
 13234 | Volcano  | Reached skill level 5 in Fighting
 13410 | Volcano  | Found a bloodstained altar of Trog.
 13410 | Volcano  | Noticed a centaur warrior
 13421 | Volcano  | HP: 2/88 [centaur warrior (10)]
 13426 | Volcano  | Killed a centaur warrior
 13658 | Volcano  | Noticed a molten gargoyle
 13678 | Volcano  | Noticed a hell knight
 13691 | Volcano  | Killed a hell knight
 13691 | Volcano  | Reached * piety under Makhleb
 13692 | Volcano  | Reached XP level 11. HP: 22/96 MP: 7/19
 13779 | Volcano  | HP: 2/96 [molten gargoyle/bolt of magma (20)]
 13784 | Volcano  | Slain by a molten gargoyle

Illustrated notes

Levels and vault maps discovered:
D:1:      dpeg_arrival_water_temple_mockup, layout_rooms,
          serial_co_window_serial, co_window_paths_a, co_window_cross_1,
          co_window_corner_a, co_window_corner_a, co_window_paths_b,
          co_window_paths_b, co_window_corner_a, co_window_cross_4,
          co_window_corner_b, co_window_broadway_a, co_window_paths_c,
          co_window_paths_d, co_window_paths_e, glass_columns_b,
          minmay_surrounded
D:2:      layout_basic, chequers_temple_overflow_statue_of_worship,
          nicolae_ru_the_path_less_chosen
D:3:      layout_basic, minmay_rat_hole
D:4:      layout_rooms, lemuel_doored_altar, lightli_temple_of_fire,
          uniq_blork_the_orc, uniq_edmund, uniq_duvessa
D:5:      layout_layer_cave, uniq_ijyb
D:6:      layout_cave_pods, dancing_weapons_uskayaw, minmay_temple_entry_ruins,
          gammafunk_ghost_abyssal_escape, hangedman_feature_mirror
D:7:      layout_gridville, serial_shops, nicolae_shop_crystal, uniq_maggie
D:8:      layout_rooms, hangedman_decor_diamond_cutter,
          chequers_serial_rivers_micro_b
D:9:      layout_roguey, grunt_temple_overflow_order_and_chaos_2,
          kennysheep_little_box, nicolae_ashenzari_panopticon, lair_entry_dummy,
          orc_0_dummy, pf_just_have_faith
Temple:   minmay_temple_curvy_loop
Lair:1:   layout_roguey
Lair:2:   nzn_winding_woodlands_cross [nzn_winding_woodlands_5x15_default,
          nzn_winding_woodlands_5x15_cabin, nzn_winding_woodlands_5x15_pool,
          nzn_winding_woodlands_5x15_sawtooth,
          nzn_winding_woodlands_15x15_eel_pit], layout_cave_shapes,
          spider_nest_entry_web_field, nicolae_volcano_entry_lava_flow,
          uniq_sonja, uniq_urug
Volcano:  volcano_lake [vl_original]

Skill      XL: |  1  2  3  4  5  6  7  8  9 10 |
---------------+-------------------------------+-----
Necromancy     | 5 6 7 8 9 10 11 | 11.4
Spellcasting   | 2 3 4 5 |  5.3
Fighting       | 1 2 3 4 5 |  5.2
Dodging        | 3 4 5 6 |  6.2
Long Blades    | 2 |  2.3
Maces & Flails | 3 5 7 |  7.1
Conjurations   | 2 3 |  3.7
Invocations    | 4 |  4.2
Stealth        | 3 |  3.9

Action                   |  1- 3 |  4- 6 |  7- 9 | 10-12 || total
-------------------------+-------+-------+-------+-------++-------
Melee: Dagger            |     2 |    36 |       |       ||    38
       Scimitar          |       |    10 |    28 |       ||    38
       Flail             |       |       |   126 |    72 ||   198
       Whip              |       |       |     3 |    10 ||    13
       Staff             |       |       |       |     1 ||     1
 Cast: Pain              |    56 |    73 |    22 |    13 ||   164
       Animate Skeleton  |     1 |     8 |     1 |       ||    10
       Vampiric Draining |     3 |    36 |    59 |    40 ||   138
       Magic Dart        |       |       |     6 |       ||     6
       Searing Ray       |       |       |     6 |     5 ||    11
       Animate Dead      |       |       |     1 |     3 ||     4
 Abil: Heal Wounds       |       |       |       |     1 ||     1
Evoke: Wand              |       |     2 |     3 |     4 ||     9
  Use: Scroll            |     9 |     7 |     5 |    11 ||    32
       Potion            |       |       |     1 |     5 ||     6
 Stab: Sleeping          |     1 |       |     1 |     1 ||     3
       Distracted        |       |     1 |     2 |       ||     3
Armor: Robe              |     5 |    23 |    18 |    10 ||    56
       Steam dragon scal |       |       |    23 |    24 ||    47
Dodge: Dodged            |    12 |    59 |   199 |   110 ||   380
       Rpst.: Scimitar   |       |     2 |    18 |       ||    20
